 Dungeon Crawl Stone Soup version 0.14-a0-30-gf0b6e91 (webtiles) character file.

2123 4tharraofdagon the Covert (level 9, -32/39 HPs)
             Began as a Spriggan Enchanter on Sept 28, 2013.
             Annihilated by a hill giant
             ... wielding a +0,+0 giant spiked club
              (43 damage)
             ... on Level 10 of the Dungeon.
             The game lasted 00:06:48 (1107 turns).

4tharraofdagon the Covert (Spriggan Enchanter)      Turns: 1107, Time: 00:06:48

HP -32/39        AC  5     Str  7      XL: 9   Next:  8%
MP   3/26        EV 14     Int 17      God:
Gold 11          SH  0     Dex 16      Spells:  3 memorised, 14 levels left

Res.Fire  : . . .   See Invis. : +   a - +1 dagger
Res.Cold  : . . .   Warding    : .   o - +1 troll leather armour
Life Prot.: . . .   Conserve   : .   (shield restricted)
Res.Poison: .       Res.Corr.  : .   (helmet restricted)
Res.Elec. : .       Clarity    : .   (no cloak)
Sust.Abil.: . .     Spirit.Shd : .   (gloves unavailable)
Res.Mut.  : .       Stasis     : .   (boots unavailable)
Res.Rott. : .       Flight     : .   (no amulet)
Saprovore : . . .                    (no ring)
                                     (no ring)

@: very quick, quite resistant to hostile enchantments, very stealthy
A: unfitting armour, see invisible, herbivore 3, speed 3, slow metabolism 2
a: no special abilities


You were on level 10 of the Dungeon.
You were not hungry.

You visited 1 branch of the dungeon, and saw 10 of its levels.

You collected 124 gold pieces.
You spent 133 gold pieces at shops.

Inventory:

Hand weapons
 a - a +1,+1 dagger (weapon)
Missiles
 d - 11 darts (quivered)
Armour
 b - a +1 robe
 o - a +1 troll leather armour (worn)
Comestibles
 f - 2 bread rations
 i - an orange
 q - a rambutan
Scrolls
 h - a scroll of recharging {unknown}
 m - 2 scrolls of remove curse {unknown}
Potions
 e - a potion of porridge
 g - 2 potions of restore abilities {unknown}
 j - a potion of brilliance {unknown}
 k - a potion of heal wounds {unknown}
 l - 2 potions of resistance {unknown}
 n - a potion of curing {unknown}
 p - a potion of slowing {unknown}
 r - a potion of berserk rage {unknown}
Books
 c - a book of Maledictions

   Spells                             Type                      Level
   *Corona                            Hexes                        1
   Sure Blade                         Hexes/Charms                 2
   *Ensorcelled Hibernation           Hexes/Ice                    2
   *Confuse                           Hexes                        3
   Enslavement                        Hexes                        4
   Invisibility                       Hexes                        6


   Skills:
 * Level 8.3 Short Blades
 - Level 1.1 Throwing
 - Level 3.0 Dodging
 + Level 8.8 Stealth
 + Level 6.4 Spellcasting
 + Level 7.4 Hexes


You had 14 spell levels left.
You knew the following spells:

 Your Spells              Type           Power        Failure   Level  Hunger
a - Corona                Hex            ####...      1%          1    None
b - Ensorcelled Hibernat  Hex/Ice        ###...       4%          2    None
c - Confuse               Hex            ####....     1%          3    ##.....


Dungeon Overview and Level Annotations

Branches:
Dungeon (10/27)
 Temple: D:4-7          Orc: D:6-11        Lair: D:8-13

Altars:
Elyvilon

Shops:
D:8 *   D:10 ?

Annotations:
D:7 exclusion: statue


Innate Abilities, Weirdness & Mutations

You are tiny and cannot use many weapons and most armour.
You have supernaturally acute eyesight.
You are a herbivore.
You cover ground extremely quickly.
You need consume almost no food.


Message History

Casting: Confuse
Confirm with . or Enter, or press ? or * to list all spells.
Aiming: Confuse
Press: ? - help, Shift-Dir - straight line, f/p - hill giant
Aim: a hill giant, wielding a giant spiked club (almost dead)
The hill giant appears confused.
Unknown command.
Unknown command.
You hit the hill giant.
The hill giant is almost dead.
You hit the hill giant but do no damage.
The hill giant is almost dead.
You hit the hill giant.
The hill giant is almost dead.
You hit the hill giant.
The hill giant is almost dead.
The hill giant seems less confused.
The hill giant hits you with a giant spiked club!
Ouch! That really hurt!
You die...

.........%.......................
.................................
.................................
..............................<..
#................................
##.....<.........................
##..............................
##.............................
##...........@5...............
##...)......C................
##..........................
##.........................
##........................
##.......................
##..............).......
#..........∩..........
#####################


You could see a hill giant and a crimson imp.

Vanquished Creatures
  An unseen horror (D:10)
  2 hill giants (D:10)
  A troll (D:10)
  An ogre (D:10)
  An ice beast (D:10)
  A water moccasin (D:10)
  2 giant frogs
  A cyclops skeleton (D:10)
  A killer bee (D:7)
  A hound (D:5)
  An adder (D:2)
  2 hobgoblins
  A bat (D:2)
16 creatures vanquished.

Notes
Turn   | Place    | Note
--------------------------------------------------------------
     0 | D:1      | 4tharraofdagon, the Spriggan Enchanter, began the quest for the Orb.
     0 | D:1      | Reached XP level 1. HP: 9/9 MP: 4/4
    26 | D:2      | Reached XP level 2. HP: 13/13 MP: 4/6
    30 | D:2      | Learned a level 2 spell: Ensorcelled Hibernation
   167 | D:4      | Found a white marble altar of Elyvilon.
   167 | D:4      | Noticed an ogre
   320 | D:5      | Entered Level 5 of the Dungeon
   370 | D:5      | Reached skill level 4 in Hexes
   370 | D:5      | Reached XP level 3. HP: 16/16 MP: 3/9
   432 | D:6      | Learned a level 3 spell: Confuse
   476 | D:7      | Noticed a wizard statue
   482 | D:7      | Noticed a sky beast
   486 | D:7      | Noticed a hungry ghost
   512 | D:8      | Found Dyax Ast's General Store.
   516 | D:8      | Bought a scroll of magic mapping for 45 gold pieces
   547 | D:7      | Noticed a giant frog
   555 | D:7      | Killed a giant frog
   555 | D:7      | Reached XP level 4. HP: 21/21 MP: 10/12
   561 | D:7      | Reached XP level 5. HP: 18/24 MP: 1/15
   565 | D:7      | Noticed a cyclops
   569 | D:7      | Noticed a black bear
   617 | D:10     | Entered Level 10 of the Dungeon
   617 | D:10     | Noticed an unseen horror
   628 | D:10     | Killed an unseen horror
   628 | D:10     | Reached skill level 5 in Short Blades
   628 | D:10     | Reached skill level 6 in Stealth
   628 | D:10     | Reached skill level 5 in Hexes
   628 | D:10     | Reached XP level 6. HP: 17/28 MP: 1/19
   628 | D:10     | Reached XP level 7. HP: 19/32 MP: 1/21
   633 | D:10     | Noticed a hill giant
   786 | D:10     | Killed a hill giant
   786 | D:10     | Reached skill level 7 in Short Blades
   786 | D:10     | Reached skill level 5 in Spellcasting
   786 | D:10     | Reached XP level 8. HP: 36/36 MP: 14/23
   798 | D:10     | Noticed a troll
   819 | D:10     | Killed a troll
   835 | D:10     | Noticed a hill giant
   851 | D:10     | Killed a hill giant
   851 | D:10     | Reached skill level 8 in Short Blades
   886 | D:10     | Found Vagykk's Magic Scroll Boutique.
   890 | D:10     | Noticed an ogre
   895 | D:10     | Bought a scroll of enchant armour for 88 gold pieces
   900 | D:10     | Killed an ogre
   900 | D:10     | Reached XP level 9. HP: 39/39 MP: 13/26
  1036 | D:10     | Noticed an ice beast
  1037 | D:10     | Noticed a hill giant
  1057 | D:10     | Killed an ice beast
  1071 | D:10     | HP: 1/39 [hill giant/giant spiked club (38)]
  1107 | D:10     | Annihilated by a hill giant

Action                   |  1- 3 |  4- 6 |  7- 9 || total
-------------------------+-------+-------+-------++-------
Melee: Dagger            |    18 |     3 |    31 ||    52
Throw: Dart              |     2 |       |       ||     2
 Cast: Corona            |     1 |       |     1 ||     2
       Ensorcelled Hiber |    10 |     6 |    19 ||    35
       Confuse           |       |     1 |    11 ||    12
  Use: Scroll            |     1 |       |     3 ||     4
 Stab: Sleeping          |     3 |     2 |     6 ||    11
       Confused          |       |     1 |     4 ||     5
